 Dungeon Crawl Stone Soup version 0.16.1-17-g773cdaf (webtiles) character file.

182 lorenzova the Conjurer (level 5, -1/28 HPs)
             Began as a Deep Elf Conjurer on Apr 22, 2015.
             Slain by a quokka (5 damage)
             ... on level 3 of the Dungeon.
             The game lasted 00:04:27 (2644 turns).

lorenzova the Conjurer (Deep Elf Conjurer)          Turns: 2644, Time: 00:04:27

Health: -1/28      AC:  2    Str:  5    XL:     5   Next: 34%
Magic:  2/29       EV: 13    Int: 21    God:
Gold:   193        SH:  0    Dex: 15    Spells: 2 memorised, 10 levels left

rFire  . . .     SeeInvis .     h - +0 dagger
rCold  . . .     Clarity  .     a - +0 robe
rNeg   . . .     SustAb   .     (no shield)
rPois  .         Gourm    .     (no helmet)
rElec  .         Spirit   .     (no cloak)
rCorr  .         Warding  .     (no gloves)
rMut   .         Stasis   .     (no boots)
MR     .....                    (no amulet)
Stlth  ++........               (no ring)
                                n - ring of magical power

@: very slightly contaminated, not resistant to hostile enchantments, unstealthy
A: no striking features
a: no special abilities


You were on level 3 of the Dungeon.
You were very hungry.

You visited 1 branch of the dungeon, and saw 3 of its levels.

You collected 193 gold pieces.

Inventory:

Hand weapons
 h - a +0 dagger (weapon)
Armour
 a - a +0 robe (worn)
Jewellery
 n - a ring of magical power (left hand)
Magical devices
 m - a wand of magic darts (18)
Scrolls
 d - a scroll of blinking {unknown}
 e - a scroll of enchant armour {unknown}
 g - 2 scrolls of noise {unknown}
 i - 3 scrolls of amnesia {unknown}
 j - 3 scrolls of identify {unknown}
 l - a scroll of fog {unknown}
 r - a scroll of recharging {unknown}
Potions
 p - a potion of restore abilities {unknown}
Books
 c - a book of Conjurations

   Spells                             Type                      Level
   a - Magic Dart                     Conjuration                  1
   b - Searing Ray                    Conjuration                  2
   c - Dazzling Spray                 Conjuration/Hexes            3
   d - Fulminant Prism                Conjuration/Hexes            4
   e - Iskenderun's Mystic Blast      Conjuration                  4
   f - Iskenderun's Battlesphere      Conjuration/Charms           5
Comestibles
 b - 3 bread rations
 f - a slice of pizza
 k - 10 fruits
 q - a meat ration


   Skills:
 - Level 2.4 Dodging
 - Level 2.4 Stealth
 + Level 5.7 Spellcasting
 + Level 6.0 Conjurations


You had 10 spell levels left.
You knew the following spells:

 Your Spells              Type           Power        Failure   Level  Hunger
a - Magic Dart            Conj           ####         1%          1    None
c - Iskenderun's Mystic   Conj           ####....     12%         4    ####...


Dungeon Overview and Level Annotations

Branches:
Dungeon (3/15)

Altars:
Makhleb


Message History

The quokka bites you but does no damage.
You hit the quokka but do no damage.
The quokka is moderately wounded.
The quokka completely misses you.
You barely miss the quokka.
The quokka is moderately wounded.
The quokka bites you.
* * * LOW HITPOINT WARNING * * *
You hit the quokka but do no damage.
The quokka is moderately wounded.
The quokka closely misses you.
You barely miss the quokka.
The quokka is moderately wounded.
The quokka bites you.
* * * LOW HITPOINT WARNING * * *
The quokka bites you but does no damage.
You hit the quokka.
The quokka is severely wounded.
The quokka bites you.
You die...

##...#...#
#........#
##....###.#
##.....# #..##..#
#.##..## ##.##..#
######r.#(..#
##....@.#..#.#
#......##.##.#
##.......#.##.##.#
..........)†.....#
............##.##.#
.#.....<...# #
#........##
#........#
#........#


You could see a quokka.

Vanquished Creatures
  The ghost of tesudzi the Chiller, an average VSIE (D:3)
  3 adders (D:2)
  4 gnolls (D:2)
  A worm (D:2)
  An orc (D:3)
  5 goblins
  7 hobgoblins
  5 kobolds
  A quokka (D:2)
  10 bats
  4 giant cockroaches
  2 giant newts
  11 rats
55 creatures vanquished.

Notes
Turn   | Place    | Note
--------------------------------------------------------------
     0 | D:1      | lorenzova, the Deep Elf Conjurer, began the quest for the Orb.
     0 | D:1      | Reached XP level 1. HP: 10/10 MP: 5/5
   423 | D:1      | Reached XP level 2. HP: 15/15 MP: 4/8
  1536 | D:2      | Reached XP level 3. HP: 19/19 MP: 10/12
  1554 | D:2      | Found a burning altar of Makhleb.
  1600 | D:2      | Reached skill level 5 in Conjurations
  2232 | D:2      | Reached XP level 4. HP: 24/24 MP: 16/16
  2262 | D:2      | Learned a level 4 spell: Iskenderun's Mystic Blast
  2313 | D:2      | Reached skill level 5 in Spellcasting
  2620 | D:3      | Noticed tesudzi's ghost (average VSIE)
  2632 | D:3      | Killed tesudzi's ghost
  2632 | D:3      | Reached skill level 6 in Conjurations
  2632 | D:3      | Reached XP level 5. HP: 8/28 MP: 0/20
  2644 | D:3      | Slain by a quokka

Action                   |  1- 3 |  4- 6 || total
-------------------------+-------+-------++-------
Melee: Unarmed           |     7 |       ||     7
       Dagger            |     1 |     5 ||     6
 Cast: Magic Dart        |    91 |    18 ||   109
       Iskenderun's Myst |       |     8 ||     8
 Stab: Sleeping          |     1 |       ||     1
  Eat: Chunk             |     4 |     1 ||     5
